 Dungeon Crawl Stone Soup version 0.20.1-1-g8b1a95d (webtiles) character file.

42 tidbits the Caller (level 3, -3/36 HPs)
             Began as a Demonspawn Summoner on Aug 18, 2017.
             Slain by a worm (8 damage)
             ... on level 2 of the Dungeon.
             The game lasted 00:05:19 (666 turns).

tidbits the Caller (Demonspawn Summoner)             Turns: 666, Time: 00:05:20

Health: -3/36      AC:  3    Str: 13    XL:     3   Next: 35%
Magic:  2/7        EV: 12    Int: 17    God:
Gold:   13         SH:  0    Dex: 13    Spells: 4/7 levels left

rFire    + . .     SeeInvis .   a - +0 dagger
rCold    . . .     Gourm    .   (no shield)
rNeg     . . .     Faith    .   B - +0 leather armour (curse)
rPois    .         Spirit   .   (helmet restricted)
rElec    .         Reflect  .   (no cloak)
rCorr    .         Harm     .   (no gloves)
MR       .....                  (no boots)
Stlth    ..........             (no amulet)
Regen    0.2/turn               (no ring)
MPRegen  0.1/turn               (no ring)

@: berserking (expiring), lethally poisoned (-3 -> -3), flying, very quick
A: antennae 1, fire resistance 1
a: no special abilities


You were on level 2 of the Dungeon.
You were not hungry.

You visited 1 branch of the dungeon, and saw 3 of its levels.

You collected 13 gold pieces.

Inventory:

Hand Weapons
 a - a +0 dagger (weapon)
Missiles
 h - 10 stones (quivered)
 l - 23 sling bullets
Armour
 n - a +0 helmet
 o - a +0 scale mail
 q - a +0 robe
 B - a cursed +0 leather armour (worn)
Scrolls
 d - 2 scrolls of magic mapping {unknown}
 e - a scroll of identify {unknown}
 f - a scroll of teleportation {unknown}
 r - a scroll of immolation {unknown}
Potions
 m - a potion of curing {unknown}
 p - a potion of heal wounds {unknown}
Books
 b - a book of Callings

   Spells                             Type                      Level
   a - Summon Small Mammal            Summoning                    1
   b - Call Imp                       Summoning                    2
   c - Call Canine Familiar           Summoning                    3
   d - Summon Guardian Golem          Hexes/Summoning              3
   e - Summon Lightning Spire         Summoning/Air                4
   f - Summon Ice Beast               Ice/Summoning                4
Comestibles
 c - 2 bread rations
 g - a meat ration
 i - a fruit


   Skills:
 - Level 1.7 Dodging
 - Level 1.7 Stealth
 + Level 2.9 Spellcasting
 + Level 4.6 Summonings


You had 4 spell levels left.
You knew the following spells:

 Your Spells              Type           Power        Failure   Level  Hunger
i - Call Imp              Summ           ###.....     4%          2    ##.....
z - Summon Small Mammal   Summ           ###.         3%          1    #......


Dungeon Overview and Level Annotations

Branches:
Dungeon (3/15)

Altars:


Innate Abilities, Weirdness & Mutations

You have a pair of small antennae on your head.
Your flesh is heat resistant. (rF+)


Message History

g - Guard the area. f - Follow me.
Anything else - Cancel.
Gang up on whom?
Press: ? - help, Dir - move target cursor, f - dart slug
Aim: a dart slug Attack!
The kobold shouts!
A goblin and a kobold come into view.
You swap places.
The dart slug bites your white imp but does no damage.
Your white imp hits the dart slug.
Your white imp freezes the dart slug.
Casting: Call Imp
Confirm with . or Enter, or press ? or * to list all spells.
Your white imp hits the dart slug.
Your white imp freezes the dart slug.
A hobgoblin comes into view. It is wielding a club.
The dart slug launches a dart at your white imp.
The slug dart hits your white imp. The adder barely misses you.
Your white imp hits the dart slug.
The dart slug dies!
Casting: Summon Small Mammal
Confirm with . or Enter, or press ? or * to list all spells.
A beastly little devil appears in a puff of flame.
The adder barely misses you.
A goblin comes into view. It is wielding a club.
Your rat bites the adder.
The kobold hits your white imp.
Your white imp hits the kobold but does no damage.
Your rat bites the adder.
The kobold barely misses your white imp.
The goblin completely misses your white imp.
Your white imp hits the kobold.
Your white imp freezes the kobold.
The kobold dies!
The adder bites you but does no damage.
Your rat completely misses the adder.
Your crimson imp closely misses the adder.
The hobgoblin hits your white imp with a club.
The kobold barely misses your crimson imp.
The goblin hits your white imp.
Your white imp dies!
You hit the adder but do no damage.
The adder is moderately wounded.
Your crimson imp barely misses the adder.
The kobold completely misses your rat. The adder barely misses you.
You barely miss the adder.
The adder is moderately wounded.
Your rat closely misses the adder.
The adder barely misses you.
Your crimson imp hits the adder.
The kobold hits your rat with a dagger.
Your rat dies!
Your rat's corpse disappears in a puff of smoke!
You hit the adder but do no damage.
The adder is severely wounded.
The adder bites you.
Your crimson imp blinks!
The adder bites you but does no damage.
You miss the adder.
The adder is severely wounded.
The adder bites you.
You closely miss the adder.
The adder is severely wounded.
Your crimson imp blinks!
The adder misses you. The kobold hits you with a dagger.
* * * LOW HITPOINT WARNING * * *
Your crimson imp blinks!
The adder bites you but does no damage.
There is a stone staircase leading up here.
The adder bites you.
* * * LOW HITPOINT WARNING * * *
You are poisoned.
The adder poisons you!
* * * LOW HITPOINT WARNING * * *
You feel sick.
The hobgoblin barely misses your crimson imp.
It was a potion of flight.
You feel very buoyant.
You fly up into the air.
Your crimson imp blinks!
The kobold hits you but does no damage.
It was a potion of berserk rage.
A red film seems to cover your vision as you go berserk!
You feel yourself moving faster!
You feel mighty! The kobold completely misses you.
Your crimson imp hits the hobgoblin but does no damage.
You puncture the kobold!
You kill the kobold!
You hit the adder.
You kill the adder!
You feel sick.
You puncture the hobgoblin!
You kill the hobgoblin!
Your crimson imp barely misses the goblin.
You closely miss the goblin. The goblin hits you but does no damage.
You hit the goblin.
The goblin is severely wounded.
Your crimson imp hits the goblin.
The goblin dies!
You hit the goblin.
The goblin is heavily wounded.
You puncture the goblin!
You kill the goblin!
You swap places.
You feel sick. The worm bites you!
You die...

.. #. .... #. ..w.
.## ..g.K ..# .....
#.# ...!.. #.#
...g..# #5#
......†#######@######
..$..†.......w<.....#
.......###...)......#
......% #..........#
!...... #.†........#
......# #..........#
.>...# #..........#
##### ############


You could see a worm and a friendly crimson imp.

Vanquished Creatures
  An adder (D:2)
  A leopard gecko (D:1)
  A goblin (D:2)
  A hobgoblin (D:2)
  A kobold (D:2)
  2 frilled lizards (D:1)
  A rat (D:1)
8 creatures vanquished.

Vanquished Creatures (collateral kills)
  An adder (D:2)
  A worm (D:2)
  3 dart slugs
  7 bats
  2 giant cockroaches (D:2)
  2 goblins
  2 hobgoblins
  4 jackals
  A kobold (D:2)
  A quokka (D:2)
  3 rats (D:1)
27 creatures vanquished.

Grand Total: 35 creatures vanquished

Notes
Turn   | Place    | Note
-------+----------+-------------------------------------------
     0 | D:1      | tidbits the Demonspawn Summoner began the quest for the Orb.
     0 | D:1      | Reached XP level 1. HP: 13/13 MP: 3/3
   196 | D:1      | Gained mutation: Your flesh is heat resistant. (rF+) [demonic ancestry]
   196 | D:1      | Reached XP level 2. HP: 14/19 MP: 3/5
   200 | D:1      | Learned a level 2 spell: Call Imp
   628 | D:2      | Gained mutation: You have a pair of small antennae on your head. [demonic ancestry]
   628 | D:2      | Reached XP level 3. HP: 15/24 MP: 1/7
   666 | D:2      | Slain by a worm

Action                   || total
-------------------------++-------
Melee: Unarmed           ||    65
       Dagger            ||    21
 Cast: Summon Small Mamm ||    21
       Call Imp          ||     7
  Use: Potion            ||     2
Armor: Robe              ||     7
       Leather armour    ||    31
Dodge: Dodged            ||    75

Table legend:
 A = Turns spent in this place as a percentage of turns spent in the entire game.
 B = Non-inter-level travel turns spent in this place as a percentage of non-inter-level travel turns spent in the entire game.
 C = Inter-level travel turns spent in this place as a percentage of turns spent in this place.
 D = Turns resting spent in this place as a percentage of non-inter-level travel turns spent in this place.
 E = Turns spent auto-exploring this place as a percentage of non-inter-level travel turns spent in this place.
 F = Non-inter-level travel turns spent in this place divided by the number of levels of this place that you've seen.
                   A       B       C       D       E      F
               +-------+-------+-------+-------+-------+----------------------
         Total | 100.0 | 100.0 |   0.0 |   0.0 |   0.0 | 199.7
       Dungeon | 100.0 | 100.0 |   0.0 |   0.0 |   0.0 | 199.7
               +-------+-------+-------+-------+-------+----------------------

Table legend:
 A = Kills in this place as a percentage of kills in entire the game.
 B = Kills by you in this place as a percentage of kills by you in the entire game.
 C = Kills by friends in this place as a percentage of kills by friends in the entire game.
 D = Other kills in this place as a percentage of other kills in the entire game.
 E = Experience gained in this place as a percentage of experience gained in the entire game.
 F = Experience gained in this place divided by the number of levels of this place that you have seen.
                   A       B       C       D       E      F
               +-------+-------+-------+-------+-------+----------------------
         Total | 100.0 | 100.0 | 100.0 |  -nan | 100.0 |  20.3
       Dungeon | 100.0 | 100.0 | 100.0 |  -nan | 100.0 |  20.3
               +-------+-------+-------+-------+-------+----------------------

Vault maps used:
D:1:      wheals_arrival_linesprint
D:2:      nemelex_altar_shiori, lemuel_coloured_pillars_altar, first_bread,
          minmay_pentomino_o4
D:3:      uniq_sigmund, uniq_ijyb, uniq_jessica
